 Dungeon Crawl Stone Soup version 0.27.1-33-g824d729ab1 (webtiles) character file.

Game seed: 6522781219101974409

67 Aksej the Ducker (level 4, -2/33 HPs)
             Began as a Djinni Gladiator on Nov 28, 2021.
             Slain by Sigmund (8 damage)
             ... on level 2 of the Dungeon.
             The game lasted 00:04:22 (1712 turns).

Aksej the Ducker (Djinni Gladiator)                 Turns: 1712, Time: 00:04:23

Health: -2/33      AC:  6    Str: 13    XL:     4   Next: 40%
Gold:   107        EV: 13    Int: 10    God:
                   SH:  0    Dex: 15

rFire    + + .     SeeInvis .   a - +0 war axe
rCold    x . .     Faith    .   (no shield)
rNeg     . . .     Spirit   .   b - +0 leather armour
rPois    ∞         Reflect  .   h - +2 helmet
rElec    .         Harm     .   (no cloak)
rCorr    .         Rampage  .   (no gloves)
Will     .....                  (boots unavailable)
Stlth    +.........             (no amulet)
HPRegen  0.11/turn              (no ring)
MPRegen  0.00/turn              (no ring)

@: flying
A: sickness immunity, fire resistance 2, cold vulnerability 1, float, innate
caster, hp casting, extra vitality 1
a: no special abilities


You were on level 2 of the Dungeon.
You visited 1 branch of the dungeon, and saw 2 of its levels.

You collected 107 gold pieces.

Inventory:

Hand Weapons
 a - a +0 war axe (weapon)
Missiles
 d - 2 throwing nets (quivered)
 f - 6 javelins
Armour
 b - a +0 leather armour (worn)
 h - a +2 helmet (worn)
Jewellery
 e - a ring of ice
Potions
 c - a potion of heal wounds {unknown}
 g - 2 potions of curing {unknown}
 i - a potion of haste {unknown}


   Skills:
 + Level 2.1 Fighting
 + Level 3.4 Axes
 + Level 1.5 Throwing
 + Level 1.0 Armour
 + Level 3.9 Dodging
 + Level 0.1 Stealth


You had 2 spell levels left.
You knew the following spells:

 Your Spells              Type           Power      Damage    Failure   Level
a - Summon Small Mammal   Summ           0%         N/A       43%         1
Your spell library was empty.

Dungeon Overview and Level Annotations

Branches:
Dungeon (2/15)

Altars:
Sif Muna

Annotations:
D:2 Sigmund


Innate Abilities, Weirdness & Mutations

You are immune to sickness and miasma.
You are immune to poison.
Your flesh is very heat resistant. (rF++)
You are vulnerable to cold. (rC-)
You float through the air rather than walking.
You learn spells naturally, not from books.
Your magical power is your life essence.
You have superior vitality. (+4 HP)


Message History

g - 2 black potions (gained 1) Sigmund the Dreaded comes into view.
He is wielding a +0 scythe.
Found a stone staircase leading down.
Okay, then.
Throw: 3 throwing nets
Press: ? - help, Q - select action, (/) - cycle Shift-Dir - straight line, f - Sigmund
Aim: Sigmund, wielding a +0 scythe and wearing a +0 robe (asleep, 98% to hit)
You throw a throwing net. The throwing net hits Sigmund.
Sigmund is caught in the net!
Sigmund struggles against the net.
A ball python comes into view.
Sigmund struggles against the net.
A goblin comes into view. It is wielding a +0 club.
Sigmund struggles against the net.
Found a stone staircase leading up.
Sigmund points at you and mumbles some strange words.
The magic dart hits you.
Sigmund struggles against the net.
Sigmund struggles against the net.
Sigmund struggles against the net.
The net rips apart, and Sigmund comes free!
You hit Sigmund but do no damage. Sigmund hits you with a +0 scythe.
You barely miss Sigmund.
Sigmund casts a spell.
Sigmund flickers and vanishes!
Deactivating autopickup; reactivate with Ctrl-A.
You barely miss something. You closely miss the goblin.
The goblin hits you but does no damage. Something hits you.
The goblin hits you but does no damage.
You barely miss something. You closely miss the goblin. Something hits you!
The goblin misses you.
You barely miss something. You hit the goblin.
The goblin hits you but does no damage. Something hits you but does no damage.
You completely miss something. You slash the goblin!
You kill the goblin!
Something hits you!
* * * LOW HITPOINT WARNING * * *
You barely miss something. Something hits you.
* * * LOW HITPOINT WARNING * * *
You miss something. Something hits you!
You die...

#### ...#. ##### .....
####...# ...#. ......# ...#
#.<..# ...# #...# ...#.
#...# ####### .....
..###...##### #.....# .....
.......{@....## #.....#
...##
.........).....#####.....#
...#
#..#####..................#
#..###..###
#.......######.....#
...............#.....#
##.....# .#..#...#
###....>..# #....###
....÷...# ...#...### #....#
##÷.#.#.... .#.#.### #..†.#
##....#.. . #S.. ###....#


There were no monsters in sight!

Vanquished Creatures
  2 adders (D:2)
  2 worms (D:2)
  A dart slug (D:1)
  3 ball pythons (D:2)
  2 bats
  5 endoplasms
  A giant cockroach (D:1)
  4 goblins
  3 hobgoblins
  2 jackals (D:2)
  5 kobolds
  A quokka (D:1)
  3 frilled lizards
  4 rats
38 creatures vanquished.

Vanquished Creatures (others)
  A withered plant (D:1)
1 creature vanquished.

Grand Total: 39 creatures vanquished

Notes
Turn   | Place    | Note
-------+----------+-------------------------------------------
     0 | D:1      | Aksej the Djinni Gladiator began the quest for the Orb.
     0 | D:1      | Reached XP level 1. HP: 18/18 MP: 0/0
    75 | D:1      | Found a faded altar of an unknown god.
   121 | D:1      | Reached XP level 2. HP: 12/23 MP: 0/0
   826 | D:1      | Reached XP level 3. HP: 28/28 MP: 0/0
   826 | D:1      | Learned a level 1 spell: Summon Small Mammal
  1349 | D:2      | Reached XP level 4. HP: 31/33 MP: 0/0
  1565 | D:2      | Reached skill level 1 in Armour
  1697 | D:2      | Noticed Sigmund
  1712 | D:2      | Slain by Sigmund

Illustrated notes

Levels and vault maps discovered:
D:1:      lemuel_arrival_rhombus, layout_basic,
          ebering_ecumenical_altar_petrified
D:2:      layout_rooms, basic_altar, corexii_item_surrounded_by_moat,
          uniq_sigmund

Skill      XL: |  1  2  3  4 |
---------------+-------------+-----
Axes           | 3 |  3.4
Armour         | 1 |  1.0
Fighting       | |  2.1
Throwing       | |  1.5
Dodging        | |  3.9
Stealth        | |  0.1

Action                   |  1- 3 |  4- 6 || total
-------------------------+-------+-------++-------
Melee: War axe           |    86 |    41 ||   127
Throw: Throwing net      |       |     1 ||     1
  Use: Scroll            |     2 |       ||     2
Armor: Leather armour    |    34 |    14 ||    48
Dodge: Dodged            |    64 |    26 ||    90
